 Dungeon Crawl Stone Soup version 0.28.0-47-ge53b351184 (webtiles) character file.

Game seed: 7680113553948636712

13 bobregger the Skirmisher (level 2, 0/32 HPs)
             Began as an Ogre Berserker on May 6, 2022.
             Was a Follower of Trog.
             Slain by a kobold
             ... wielding a +0 dagger
              (1 damage)
             ... on level 1 of the Dungeon.
             The game lasted 00:00:21 (274 turns).

bobregger the Skirmisher (Ogre Berserker)            Turns: 274, Time: 00:00:22

Health: 0/32       AC:  3    Str: 20    XL:     2   Next: 37%
Magic:  2/2        EV: 10    Int:  8    God:    Trog [*.....]
Gold:   19         SH:  0    Dex:  8    Spells: 1/1 levels left

rFire   . . .      SeeInvis .   a - +0 mace
rCold   . . .      Faith    .   (no shield)
rNeg    . . .      Spirit   .   b - +0 animal skin
rPois   .          Reflect  .   (helmet restricted)
rElec   .          Harm     .   (no cloak)
rCorr   .          Rampage  .   (gloves unavailable)
Will    .....                   (boots unavailable)
Stlth   +.........              (no amulet)
HPRegen 0.10/turn               (no ring)
MPRegen 0.08/turn               (no ring)

@: on berserk cooldown, slowed, very slow
A: large, unfitting armour, tough skin 1
a: Renounce Religion, Berserk


You were on level 1 of the Dungeon.
You worshipped Trog.
Trog was aware of your devotion.
You visited 1 branch of the dungeon, and saw 1 of its levels.

You collected 19 gold pieces.

Inventory:

Hand Weapons
 a - a +0 mace (weapon)
Armour
 b - a +0 animal skin (worn)
Scrolls
 c - a scroll of identify {unknown}
 d - a scroll of immolation {unknown}


   Skills:
 - Level 4.0 Fighting
 + Level 3.4 Maces & Flails
 - Level 2.6 Dodging


You had one spell level left.
You didn't know any spells.
Your spell library was empty.

Dungeon Overview and Level Annotations

Branches:
Dungeon (1/15)

Altars:


Innate Abilities, Weirdness & Mutations

You are too large for most types of armour.
You have tough skin. (AC +1)


Message History

The kobold hits you but does no damage. The rat barely misses you.
You closely miss the kobold.
The kobold is moderately wounded.
The kobold hits you with a +0 dagger. The rat bites you.
The dart slug barely misses you. The kobold hits you but does no damage.
You barely miss the kobold.
The kobold is moderately wounded.
The rat bites you but does no damage. The dart slug misses you.
The kobold closely misses you. The rat bites you.
A red film seems to cover your vision as you go berserk!
You feel yourself moving faster!
You feel mighty! The kobold hits you but does no damage.
The dart slug bites you but does no damage.
The rat barely misses you.
You sock the dart slug!
You kill the dart slug!
Trog accepts your kill. The kobold closely misses you. The rat bites you.
The kobold hits you with a +0 dagger.
* * * LOW HITPOINT WARNING * * *
You see here a dart slug corpse.
You feel a strong urge to attack something.
The rat bites you.
* * * LOW HITPOINT WARNING * * *
The rat bites you.
* * * LOW HITPOINT WARNING * * *
You barely miss the rat.
You are no longer berserk.
You are exhausted.
You feel yourself slow down. The kobold hits you with a +0 dagger.
* * * LOW HITPOINT WARNING * * *
You barely miss the rat. The rat closely misses you.
The kobold hits you but does no damage. The rat bites you but does no damage.
You hit the rat.
You kill the rat!
Trog accepts your kill. The kobold hits you with a +0 dagger.
* * * LOW HITPOINT WARNING * * *
The kobold hits you with a +0 dagger.
You die...

........#.#
...#.#.#.#.#
#..........
..........# ..
#.........# 8.
..........# ..
..........# 8.
##......@.# ..
#.......†K##########
#
...###.#...........#
# #.#...........# ##
#.#.#########.#
.###### #.#.# #.#
......# ....# #.#
#####.# ....#######
#.# #
..........###.#


You could see a kobold.

Vanquished Creatures
  A dart slug (D:1)
  4 bats (D:1)
  An endoplasm (D:1)
  2 hobgoblins (D:1)
  A ball python (D:1)
  2 rats (D:1)
11 creatures vanquished.

Notes
Turn   | Place    | Note
-------+----------+-------------------------------------------
     0 | D:1      | bobregger the Ogre Berserker began the quest for the Orb.
     0 | D:1      | Reached XP level 1. HP: 24/24 MP: 1/1
     6 | D:1      | Noticed a basilisk
     6 | D:1      | Noticed an imperial myrmidon
     7 | D:1      | Noticed a fire giant
   217 | D:1      | Reached XP level 2. HP: 32/32 MP: 2/2
   274 | D:1      | HP: 1/32 [kobold/+0 dagger (3)]
   274 | D:1      | Slain by a kobold

Illustrated notes

Levels and vault maps discovered:
D:1:      onia_arrival_zoo_common, layout_loops_ring, minmay_tetromino_l2

Skill      XL: |  1 |
---------------+----+-----
Maces & Flails | 3 |  3.4
Fighting       | |  4.0
Dodging        | |  2.6

Action                   || total
-------------------------++-------
Melee: Mace              ||    28
Invok: Berserk           ||     1
Armor: Animal skin       ||    19
Dodge: Dodged            ||    32
